 Dungeon Crawl Stone Soup version 0.23.2-1-ga50397a (webtiles) character file.

Game seed: 17515799686348334925

72 SedStubbie the Shooter (level 4, -6/30 HPs)
             Began as a Mummy Wanderer on May 1, 2019.
             Mangled by Sigmund
             ... wielding a +1 scythe of freezing
              (7 damage)
             ... on level 2 of the Dungeon.
             The game lasted 00:03:35 (1405 turns).

SedStubbie the Shooter (Mummy Wanderer)             Turns: 1405, Time: 00:03:36

Health: -6/30      AC:  8    Str: 17    XL:     4   Next: 6%
Magic:  4/4        EV:  9    Int: 12    God:
Gold:   38         SH:  0    Dex:  9    Spells: 3/3 levels left

rFire    x . .     SeeInvis .   h - +0 short sword
rCold    + . .     Gourm    .   (no shield)
rNeg     + + +     Faith    .   b - +2 scale mail
rPois    ∞         Spirit   .   (no helmet)
rElec    .         Reflect  .   (no cloak)
rCorr    .         Harm     .   (no gloves)
MR       .....                  (no boots)
Stlth    ..........             (no amulet)
HPRegen  0.10/turn              (no ring)
MPRegen  0.09/turn              (no ring)

@: no status effects
A: no food or potions, fire vulnerability, cold resistance 1, negative energy
resistance 3, torment resistance, unbreathing
a: no special abilities


You were on level 2 of the Dungeon.
You were not hungry.

You visited 1 branch of the dungeon, and saw 2 of its levels.

You collected 38 gold pieces.

Inventory:

Hand Weapons
 a - a +0 shortbow
 h - a +0 short sword (weapon)
Missiles
 c - 37 arrows
 j - 22 sling bullets
 k - 25 bolts
Armour
 b - a +2 scale mail (worn)
 e - a +0 buckler
Scrolls
 d - a scroll of teleportation
 f - 4 scrolls of identify {unknown}
 g - 3 scrolls of enchant armour {unknown}
 l - a scroll of blinking {unknown}


   Skills:
 + Level 4.7 Bows
 - Level 1.0 Throwing
 + Level 3.3 Armour
 - Level 1.0 Shields


You had 3 spell levels left.
You didn't know any spells.
Your spell library was empty.

Dungeon Overview and Level Annotations

Branches:
Dungeon (2/15)

Altars:
Cheibriados
Fedhas
Trog
Uskayaw

Annotations:
D:2 Sigmund


Innate Abilities, Weirdness & Mutations

You do not eat or drink.
Your flesh is vulnerable to fire.
You are immune to poison.
Your flesh is cold resistant. (rC+)
You are immune to negative energy. (rN+++)
You are immune to unholy pain and torment.
You can survive without breathing.


Message History

A magic dart appears from out of thin air!
The magic dart hits you.
You barely miss something. Something hits you.
You barely miss something.
You hear some strange, mumbled words.
Something tries to affect you, but you resist.
You closely miss something. Something hits you!
* * * LOW HITPOINT WARNING * * *
Something freezes you.
* * * LOW HITPOINT WARNING * * *
You barely miss something. You miss something.
You hear some strange, mumbled words.
A puff of flame appears from out of thin air!
The puff of flame hits you.
* * * LOW HITPOINT WARNING * * *
You miss something. Something hits you.
* * * LOW HITPOINT WARNING * * *
You hit something. Something hits you!
You die...

?#... .#.# #...# ... #####.#
#..<†.# #. #.#.#####.. ...
###+#.!...... ..#
#..{@..###... #.###.#....###
#.#.##......#
#####...#######.# .#
........[)......# ..
#.####...###################
..
...##.#.##..###...........###
.. #..#.
##.#................'.# ..
#...#####†@...............#.#


There were no monsters in sight!

Vanquished Creatures
  Terence (D:2)
  An adder (D:2)
  2 oozes (D:1)
  A leopard gecko (D:1)
  4 bats (D:1)
  2 giant cockroaches (D:2)
  A goblin (D:1)
  A hobgoblin (D:1)
  8 jackals (D:1)
  2 frilled lizards (D:2)
  3 kobolds
  A rat (D:2)
27 creatures vanquished.

Notes
Turn   | Place    | Note
-------+----------+-------------------------------------------
     0 | D:1      | SedStubbie the Mummy Wanderer began the quest for the Orb.
     0 | D:1      | SedStubbie set off with the following items: a +0 shortbow,
                  | a +2 scale mail, 22 arrows, a scroll of teleportation
     0 | D:1      | Reached XP level 1. HP: 13/13 MP: 1/1
   159 | D:1      | Reached XP level 2. HP: 19/19 MP: 2/2
   838 | D:1      | Reached XP level 3. HP: 21/24 MP: 3/3
   947 | D:2      | Found a snail-covered altar of Cheibriados.
   950 | D:2      | Found a hide-covered altar of Uskayaw.
   953 | D:2      | Found a bloodstained altar of Trog.
  1013 | D:2      | Found a blossoming altar of Fedhas.
  1014 | D:2      | Noticed Terence
  1084 | D:2      | HP: 1/24 [Terence/+0 hand axe (3)]
  1087 | D:2      | Killed Terence
  1087 | D:2      | Reached XP level 4. HP: 1/30 MP: 4/4
  1385 | D:2      | Noticed Sigmund
  1404 | D:2      | HP: 1/30 [something (3)]
  1405 | D:2      | Mangled by Sigmund

Skill      XL: |  1  2 |
---------------+-------+-----
Armour         | 3 |  3.3
Bows           | |  4.7
Throwing       | |  1.0
Shields        | |  1.0

Action                   |  1- 3 |  4- 6 || total
-------------------------+-------+-------++-------
Melee: Short sword       |   134 |    31 ||   165
 Fire: Shortbow          |    20 |       ||    20
  Use: Scroll            |     1 |       ||     1
Armor: Scale mail        |    95 |     5 ||   100
Dodge: Dodged            |    85 |    12 ||    97
